 Dungeon Crawl Stone Soup version 0.18-a0-1805-g8ab820f (webtiles) character file.

206 Loki the Chopper (level 5, -5/48 HPs)
             Began as a Hill Orc Berserker on Apr 25, 2016.
             Was a Believer of Trog.
             Slain by a giant frog skeleton (6 damage)
             ... on level 3 of the Dungeon.
             The game lasted 00:04:29 (1410 turns).

Loki the Chopper (Hill Orc Berserker)               Turns: 1410, Time: 00:04:29

Health: -5/48      AC:  2    Str: 19 (20) XL:     5   Next: 84%
Magic:  5/5        EV: 12    Int:  6 (7)  God:    Trog [**....]
Gold:   70         SH:  0    Dex:  9 (11) Spells: 0 memorised, 4 levels left

rFire  . . .     SeeInvis .     a - +0 hand axe
rCold  . . .     Gourm    .     b - +0 animal skin
rNeg   + . .     Faith    .     (no shield)
rPois  .         Spirit   .     (no helmet)
rElec  .         Dismiss  .     (no cloak)
rCorr  .         Reflect  .     (no gloves)
SustAt .         Harm     .     (no boots)
MR     .....                    (no amulet)
Stlth  +.........               (no ring)
                                n - ring of positive energy

@: not resistant to hostile enchantments, very unstealthy
A: no striking features
a: Berserk, Trog's Hand, Burn Spellbooks, Renounce Religion


You were on level 3 of the Dungeon.
You worshipped Trog.
Trog was pleased with you.
You were not hungry.

You visited 1 branch of the dungeon, and saw 3 of its levels.

You collected 70 gold pieces.

Inventory:

Hand Weapons
 a - a +0 hand axe (weapon)
Armour
 b - a +0 animal skin (worn)
Jewellery
 n - a ring of positive energy (left hand)
Scrolls
 d - 2 scrolls of amnesia {unknown}
 e - a scroll of blinking {unknown}
 f - a scroll of teleportation {unknown}
 h - 2 scrolls of fear {unknown}
 k - 2 scrolls of noise {unknown}
 o - a scroll of immolation {unknown}
 q - a scroll of recharging {unknown}
 s - a scroll of random uselessness {unknown}
Potions
 l - a potion of might {unknown}
 m - 2 potions of agility {unknown}
 p - 2 potions of haste {unknown}
 r - a potion of curing {unknown}
Comestibles
 c - 3 bread rations
 j - 2 meat rations


   Skills:
 + Level 5.3 Fighting
 + Level 5.5 Axes
 + Level 4.2 Armour
 - Level 1.5 Dodging


You had 4 spell levels left.
You didn't know any spells.

Dungeon Overview and Level Annotations

Branches:
Dungeon (3/15)

Altars:
Pakellas


Message History

The giant frog skeleton hits you.
You hit the giant frog skeleton. The giant frog skeleton hits you.
You barely miss the giant frog skeleton.
The giant frog skeleton hits you.
* * * LOW HITPOINT WARNING * * *
The giant frog skeleton hits you.
* * * LOW HITPOINT WARNING * * *
You hit the giant frog skeleton. The giant frog skeleton hits you.
* * * LOW HITPOINT WARNING * * *
Unknown command.
Drink which item? (? for menu, Esc to quit)
It was a potion of cure mutation.
It has a very clean taste.
The giant frog skeleton barely misses you.
Drink which item? (? for menu, Esc to quit)
It was a potion of degeneration.
There was something very wrong with that liquid.
You feel weakened.
You feel dopey.
You feel clumsy.
The giant frog skeleton completely misses you.
The giant frog skeleton hits you.
You die...

#. #. ##
#.. # #.
#..###.#.
#.....#.
#....#
#..Z<+
#.)@.#
#....#
#....#
#....#
#....#
#....#
#....#
#.....


You could see a giant frog skeleton.

Vanquished Creatures
  Jessica (D:3)
  Natasha (thrice) (D:2)
  2 adders
  4 gnolls (D:2)
  3 worms (D:2)
  3 dart slugs
  2 giant geckos (D:2)
  4 bats
  2 giant cockroaches
  3 goblins
  3 hobgoblins (D:1)
  A quokka (D:2)
  2 ball pythons (D:1)
  2 giant newts
  3 kobolds (D:2)
  3 rats (D:1)
41 creatures vanquished.

Notes
Turn   | Place    | Note
--------------------------------------------------------------
     0 | D:1      | Loki the Hill Orc Berserker began the quest for the Orb.
     0 | D:1      | Reached XP level 1. HP: 19/19 MP: 1/1
   364 | D:1      | Reached XP level 2. HP: 24/27 MP: 2/2
   549 | D:1      | Reached XP level 3. HP: 30/33 MP: 3/3
   781 | D:2      | Reached XP level 4. HP: 11/41 MP: 4/4
   827 | D:2      | Reached ** piety under Trog
   913 | D:2      | Noticed Natasha
   921 | D:2      | Killed Natasha
   921 | D:2      | Reached skill level 5 in Axes
  1004 | D:2      | Reached XP level 5. HP: 23/47 MP: 5/5
  1135 | D:2      | Noticed Natasha
  1141 | D:2      | Killed Natasha
  1141 | D:2      | Reached skill level 5 in Fighting
  1155 | D:2      | Noticed Natasha
  1171 | D:2      | Killed Natasha
  1270 | D:2      | Found an oddly glowing altar of Pakellas.
  1392 | D:3      | Noticed Jessica
  1396 | D:3      | Killed Jessica
  1408 | D:3      | HP: 1/48 [giant frog skeleton (4)]
  1410 | D:3      | Slain by a giant frog skeleton

Vault maps used:
D:1:      dpeg_cavernosity, serial_forest, infiniplex_forest_straight_3,
          infiniplex_forest_straight_1, infiniplex_forest_lined_ring,
          infiniplex_forest_lined_ring, infiniplex_forest_lined_3,
          infiniplex_forest_end_3, infiniplex_forest_straight_4
D:2:      minmay_misc_feat_more_columns, grunt_pakellas_sulfur, uniq_natasha
D:3:      nicolae_overflow_hidden_temple, grunt_gozag_statues, uniq_jessica

Skill      XL: |  1  2  3  4  5 |
---------------+----------------+-----
Fighting       | 4 5 |  5.3
Armour         | 3 4 |  4.2
Axes           | 5 |  5.5
Dodging        | |  1.5

Action                   |  1- 3 |  4- 6 || total
-------------------------+-------+-------++-------
Melee: Hand axe          |    49 |    82 ||   131
Invok: Berserk           |     2 |     5 ||     7
       Trog's Hand       |       |     3 ||     3
  Use: Potion            |       |     2 ||     2
  Eat: Chunk             |       |     9 ||     9
Armor: Animal skin       |     9 |     8 ||    17
Dodge: Dodged            |    29 |    50 ||    79
